 Dungeon Crawl Stone Soup version 0.31-a0-435-g2c6fae2916 (webtiles) character file.

Game seed: 8003067049045943819

175651 Newt the Impaler (level 17, -10/139 HPs)
             Began as a Merfolk Gladiator on Aug 1, 2023.
             Was the Champion of Hepliaklqana.
             Collided with a stone wall (13 damage)
             ... caused by a wretched star
             ... on level 2 of the Abyss.
             The game lasted 00:45:13 (27798 turns).

Newt the Impaler (Merfolk Gladiator)               Turns: 27798, Time: 00:45:14

Health: -10/139    AC:  3    Str: 21      XL:     17   Next: 81%
Magic:  0/33       EV: 18    Int:  5 (6)  God:    Hepliaklqana [******]
Gold:   2314       SH: 17    Dex:  8      Spells: 33/36 levels left

rFire   + . .        y - +7 spear (elec)
rCold   x x .        H - +3 tower shield {rPois}
rNeg    + . .        u - +1 ring mail {Will+}
rPois   +            c - melded +0 helmet
rElec   +            (cloak currently unavailable)
rCorr   .            (gloves currently unavailable)
SInv    +            g - melded +2 pair of boots
Will    ++...        F - amulet of the Ant {Spirit rElec rN+ Regen+} Stlth
                     X - ring "Baggacuh" {rElec rPois MP+9 Dex-4 SInv}
HPRegen 0.00/turn    T - +5 ring of evasion
MPRegen 0.23/turn

%: random rage (9%), guardian spirit
@: berserking, beast-form, sick, unable to read, unable to drink, very quick
A: beast (slay +7), reduced essence, (nimble swimmer 2), mertail, fire
resistance 1, strong 1, [berserk 2], [clumsy 2], [deformed body], [deterioration
2], [frail 2], [low MP 2], [screaming 2], [weak 2], [cold vulnerability 2],
[subdued magic 2], [inability to drink after injury 2], [inability to read after
injury 2]
}: 1/15 runes: decaying
a: Begin Untransformation, Renounce Religion, Recall Ancestor, Ancestor
Identity, Transference, Idealise


You were on level 2 of the Abyss.
You worshipped Hepliaklqana.
Hepliaklqana was exalted by your worship.
You were a hulking beast.
You visited 6 branches of the dungeon, and saw 28 of its levels.
You visited the Abyss 1 time.
You also visited: Ossuary, Bailey and Ice Cave.

You collected 3318 gold pieces.
You spent 1004 gold pieces at shops.

Inventory:

Hand Weapons
 y - a +7 spear of electrocution (weapon)
 J - the +5 trident of Greatest Utility {heavy, rF+ rN+ Dex-5 SInv}
   (You found it on level 5 of the Lair of Beasts)

   Dex:       It affects your dexterity (-5).
   rF:        It protects you from fire.
   rN:        It protects you from negative energy.
   SInv:      It lets you see invisible.
Armour
 a - a scarf of harm
 c - a +0 helmet (melded)
 d - a +1 pair of gloves
 g - a +2 pair of boots (melded)
 u - a +1 ring mail of willpower (worn)
 H - a +3 tower shield of poison resistance (worn)
 S - a +2 scale mail of cold resistance
Jewellery
 b - a ring of protection from cold
 w - a ring of wizardry
 A - a ring of poison resistance
 F - the amulet of the Ant (around neck) {Spirit rElec rN+ Regen+}
   (You acquired it on level 8 of the Dungeon)

   [amulet of guardian spirit]

   It causes incoming damage to be divided between your reserves of health and
   magic.
   rElec:     It insulates you from electricity.
   rN:        It protects you from negative energy.
   Regen:     It increases your rate of health regeneration.
 N - a +5 ring of evasion
 O - a ring of wizardry
 T - a +5 ring of evasion (right hand)
 V - an amulet of faith
 W - the ring "Tean" {rPois rC+ Dex+2}
   (You found it on level 11 of the Dungeon)

   [ring of poison resistance]

   Dex:       It affects your dexterity (+2).
   rC:        It protects you from cold.
   rPois:     It protects you from poison.
 X - the ring "Baggacuh" (left hand) {rElec rPois MP+9 Dex-4 SInv}
   (You bought it in a shop on level 2 of the Orcish Mines)

   [ring of magical power]

   Dex:       It affects your dexterity (-4).
   rElec:     It insulates you from electricity.
   rPois:     It protects you from poison.
   MP:        It affects your magic capacity (+9).
   SInv:      It lets you see invisible.
Talismans
 e - a granite talisman
 r - a beast talisman (active)
Wands
 l - a wand of roots (22)
 z - a wand of polymorph (55)
 I - a wand of charming (26)
 L - a wand of light (6)
 M - a wand of flame (56)
Scrolls
 f - 8 scrolls of identify
 j - 17 scrolls of teleportation
 v - 3 scrolls of fear
 x - 2 scrolls of blinking
 K - 2 scrolls of brand weapon
 P - 2 scrolls of enchant armour
 U - 3 scrolls of poison
 Z - a scroll of revelation
Potions
 h - 3 potions of heal wounds
 i - 2 potions of invisibility
 k - 6 potions of mutation
 m - 17 potions of curing
 n - 6 potions of enlightenment
 o - 9 potions of brilliance
 p - a potion of cancellation
 q - 2 potions of might
 s - 4 potions of ambrosia
 t - 3 potions of haste
 C - 4 potions of berserk rage
 D - a potion of resistance
 G - a potion of magic
 Y - 7 potions of attraction
Miscellaneous
 E - a phial of floods
 Q - a phantom mirror (inert)
 R - a condenser vane (inert)


   Skills:
 - Level 12.0 Fighting
 - Level 19.0 Polearms
 - Level 2.0 Throwing
 - Level 16.0 Dodging
 - Level 5.3 Stealth
 - Level 10.3 Shields
 - Level 10.0 Spellcasting
 + Level 10.8 Summonings
 - Level 9.0 Invocations
 - Level 9.0 Evocations
 - Level 10.0 Shapeshifting


You had 33 spell levels left.
You knew the following spells:

 Your Spells              Type           Power      Damage    Failure   Level
a - Call Canine Familiar  Summ           8%         N/A       2%          3

Your spell library contained the following spells:

 Spells                   Type           Power      Damage    Failure   Level
 Apportation              Tloc           2%         N/A       71%         1
 Sting                    Tmut/Pois      4%         1d3       71%         1
 Poisonous Vapours        Pois/Air       2%         N/A       85%         2
 Sublimation of Blood     Necr           1%         N/A       85%         2
 Mephitic Cloud           Conj/Pois/Air  1%         N/A       97%         3
 Portal Projectile        Hex/Tloc       2%         N/A       97%         3
 Vhi's Electric Charge    Tloc/Air       2%         N/A       97%         3
 Leda's Liquefaction      Hex/Erth       0%         N/A       100%        4
 Olgreb's Toxic Radiance  Pois           1%         N/A       100%        4
 Petrify                  Tmut/Erth      1%         N/A       100%        4
 Alistair's Intoxication  Tmut/Pois      0%         N/A       100%        5
 Arcjolt                  Conj/Air       0%         1d10      100%        5
 Borgnjor's Vile Clutch   Necr/Erth      0%         N/A       100%        5
 Freezing Cloud           Conj/Ice/Air   0%         6-21      100%        5
 Irradiate                Conj/Tmut      0%         3d11      100%        5
 Eringya's Noxious Bog    Tmut/Pois      0%         4d6       100%        6
 Plasma Beam              Fire/Air       0%         2x1d10    100%        6


Dungeon Overview and Level Annotations

Branches:
Dungeon (14/15)            Temple (1/1) D:7            Lair (5/5) D:10
  Swamp (4/4) Lair:2       Spider (2/4) Lair:2        Slime (0/5) Lair:5
    Orc (2/2) D:12            Elf (0/3) Orc:2        Vaults (0/5) D:13
Ossuary (visited)          Bailey (visited)           IceCv (visited)

Altars:
Ashenzari
Cheibriados
Dithmenos
Elyvilon
Fedhas
Gozag
Hepliaklqana
Kikubaaqudgha
Makhleb
Nemelex Xobeh
Okawaru
Qazlal
Ru
Sif Muna
Trog
Uskayaw
Vehumet
Wu Jian
Xom
Yredelemnul
Zin
The Shining One
Jiyva

Shops:
D:1 :   D:10 [   D:12 *   D:13 =   Orc:2 =!(?=

Annotations:
Spider:2 Louise


Innate Abilities, Weirdness & Mutations

You are a hulking beast.
Your limbs bulge with bestial killing power. (Slay +7)
Your life essence is reduced to manifest your ancestor. (-10% HP)
((You are very nimble when in or above water. (Stealth+, EV+, Speed+++)))
Your lower body shifts to a powerful aquatic tail in water.
Your flesh is heat resistant. (rF+)
Your muscles are strong. (Str +4, Int/Dex -1)
[You have an uncontrollable temper.]
[You are very clumsy. (Dex -4)]
[Armour fits poorly on your strangely shaped body.]
[Your body often deteriorates upon taking damage.]
[You are very frail. (-20% HP)]
[Your magical capacity is very low. (-20% MP)]
[You frequently scream uncontrollably at your foes.]
[You are very weak. (Str -4)]
[You are very vulnerable to cold. (rC--)]
[Your spells are easier to cast, but less powerful.]
[You sometimes lose the ability to drink potions when taking damage.]
[You sometimes lose the ability to read scrolls when taking damage.]


Message History

Reach: y) +7 spear (elec)
Press: ? - help, Dir - move target, f - small abomination
Aim: a small abomination (about 21% to evade your +7 spear of electrocution)
You reach to attack!
You impale the small abomination!!
The small abomination is almost destroyed.
Unknown command.
Reach: y) +7 spear (elec)
Press: ? - help, Dir - move target, f/p - small abomination
Aim: a small abomination (almost destroyed, about 21% to evade your +7 spear of electrocution)
A red film seems to cover your vision as you go berserk!
You feel yourself moving faster!
You feel mighty!
You impale the small abomination!!
You destroy the small abomination!
Unknown command.
Reach: y) +7 spear (elec)
Press: ? - help, Dir - move target, f - wretched star
Aim: a wretched star (about 21% to evade your +7 spear of electrocution)
You reach to attack!
You puncture the wretched star!
The wretched star is lightly damaged.
The wretched star pulses with an eldritch light!
You feel yourself wasting away.
You feel your body start to fall apart.
Reach: y) +7 spear (elec)
Press: ? - help, Dir - move target, f/p - wretched star
Aim: a wretched star (lightly damaged, about 21% to evade your +7 spear of electrocution)
You reach to attack!
You barely miss the wretched star.
The wretched star is lightly damaged.
Unknown command.
Unknown command.
Reach: y) +7 spear (elec)
Press: ? - help, Dir - move target, f/p - wretched star
Aim: a wretched star (lightly damaged, about 21% to evade your +7 spear of electrocution)
You reach to attack!
You impale the wretched star!!
The wretched star is heavily damaged.
The wretched star glows turbulently.
The lance of force hits you!!
You feel threatened and lose the ability to drink potions!
* * * LOW HITPOINT WARNING * * *
You are knocked back by the lance of force.
You slam into the stone wall!
You die...

#.## .. ..#
#. # ≈~
#.#.## # #...
~ ...# # ...
# ## . #.#
###..# .. #
#####.x#.#.
## ..
#..#..X.
....#
#..#x.######.
.. #...*#.#h#
.. ...##..#
#..#.#. #*###
##..#.#.W.#
....#.##.#.#
### .. ##.##
### ##


You could see a wretched star and a shadow wraith (invisible).

Vanquished Creatures
  2 thorn hunters
  Roxanne (Swamp:1)
  A ghost moth (Spider:2)
  3 ghouls
  An orc warlord (Orc:2)
  3 apis (D:14)
  An eleionoma (Swamp:3)
  4 bunyips
  A white draconian (IceCv)
  A fire dragon (Lair:5)
  A shambling mangrove (Swamp:2)
  A vault guard (D:13)
  An entropy weaver (Spider:2)
  A radroach (Spider:1)
  19 hydras
  2 death knights (D:14)
  A ghost crab (Swamp:4)
  2 catoblepae
  A boulder beetle (Lair:5)
  3 centaur warriors (D:13)
  8 alligators
  A tengu warrior (D:8)
  3 two-headed ogres
  A demonic crawler (Spider:1)
  Urug (D:13)
  An orc high priest (Bailey)
  Amaemon (D:9)
  Nergalle (Orc:1)
  3 goliath frogs
  A spriggan druid (Swamp:4)
  2 orb spiders
  A deep elf archer (Orc:2)
  A phantasmal warrior (D:14)
  6 bog bodies
  4 steelbarb worms
  13 swamp dragons
  3 orc knights (Bailey)
  A lindwurm (Lair:3)
  A necromancer (D:14)
  3 starcursed masses (Abyss:2)
  4 wolf spiders
  2 manticores
  2 will-o-the-wisps (Swamp:3)
  3 deep elf pyromancers
  3 orc sorcerers (Orc:2)
  An oklob plant (Lair:5)
  An ugly thing (D:8)
  15 elephants
  2 centaur zombies (D:14)
  A torpor snail (Spider:1)
  7 black mambas
  An orange demon (D:9)
  2 ice statues (IceCv)
  3 gargoyles
  A guardian serpent (Lair:5)
  A centaur skeleton (D:14)
  17 cane toads
  A kobold demonologist (Bailey)
  10 komodo dragons
  5 rime drakes
  2 freezing wraiths (D:14)
  7 tyrant leeches
  A bloated husk (Swamp:1)
  5 meliai
  A polar bear (Lair:5)
  5 trolls
  5 hornets
  46 blink frogs
  4 tarantellas
  A harpy skeleton (D:14)
  6 jumping spiders
  A centaur simulacrum (D:14)
  A shadow (D:9)
  3 slime creatures (D:8)
  16 wyverns
  3 wraiths
  4 culicivoras
  A vampire (D:10)
  4 basilisks
  46 yaks
  A small abomination (Abyss:2)
  7 steam dragons
  9 vampire mosquitoes
  4 wargs
  Edmund (D:4)
  Menkaure (D:7)
  15 redbacks
  7 acid dragons
  23 water moccasins
  11 swamp worms
  7 swamp drakes
  30 orc warriors
  An ice beast (D:5)
  3 black bears
  A sky beast (D:8)
  17 centaurs
  3 ogres
  10 wolves
  2 kobold brigands
  2 gnoll sergeants
  9 bullfrogs
  3 scorpions
  22 wights
  6 killer bees
  A lindwurm simulacrum (IceCv)
  6 howler monkeys
  10 electric eels
  8 komodo dragon simulacra (IceCv)
  3 hounds
  4 jellies
  A gnoll bouda (D:8)
  9 orc priests
  2 sleepcaps
  3 iguanas
  12 orc wizards
  8 mummies (Ossuary)
  7 adders
  20 gnolls
  7 acid dragon simulacra (IceCv)
  A shadow imp (D:8)
  2 steam dragon simulacra (IceCv)
  A worm (D:13)
  3 dart slugs
  59 orcs
  9 ball pythons
  12 bats
  7 endoplasms
  5 giant cockroaches
  8 goblins
  16 hobgoblins
  2 jackals (D:1)
  2 quokkas
  2 frilled lizards (D:1)
  A gnoll zombie (Ossuary)
  2 hobgoblin zombies (Ossuary)
  11 kobolds
  3 kobold zombies (Ossuary)
  2 orc zombies (Ossuary)
  3 rats
797 creatures vanquished.

Vanquished Creatures (collateral kills)
  Agnes (D:14)
  Aizul (Swamp:4)
  2 eleionomae (Swamp:3)
  A bunyip (Swamp:3)
  An ettin (Orc:1)
  5 hydras
  Fannar (Lair:2)
  Harold (Orc:1)
  2 two-headed ogres
  An orc high priest (Orc:2)
  A skyshark (Lair:3)
  A pharaoh ant (Spider:1)
  3 swamp dragons
  A steelbarb worm (Spider:2)
  A bog body (Swamp:3)
  An orc knight (Orc:2)
  A starcursed mass (Abyss:2)
  A cyclops (D:11)
  A moth of wrath (Spider:1)
  2 black mambas (Lair:5)
  A cane toad (Lair:5)
  2 torpor snails
  A komodo dragon (Lair:2)
  An efreet (D:13)
  3 rime drakes
  2 trolls
  3 tyrant leeches
  A meliai (Spider:2)
  4 tarantellas
  A hornet (Swamp:2)
  9 blink frogs
  A jumping spider (Spider:2)
  2 culicivoras (Spider:1)
  A spriggan (Swamp:2)
  3 wraiths
  5 yaks
  3 basilisks
  6 redbacks
  A vampire mosquito (Swamp:3)
  A swamp worm (Swamp:2)
  3 water moccasins
  3 swamp drakes (Swamp:4)
  7 orc warriors (Orc:2)
  A centaur (Orc:2)
  An ogre (Orc:2)
  A kobold brigand (D:8)
  A bullfrog (D:8)
  2 wights (D:8)
  A howler monkey (D:13)
  2 komodo dragon simulacra (IceCv)
  An orc priest (Orc:2)
  4 orc wizards
  A steam dragon simulacrum (IceCv)
  20 orcs
  2 kobolds (D:8)
130 creatures vanquished.

Vanquished Creatures (others)
  A bunyip (Swamp:1)
  Josephine (Swamp:1)
  An alligator (Swamp:4)
  A rime drake (IceCv)
  A komodo dragon (Lair:5)
  A bloated husk (Swamp:1)
  A wraith (Swamp:1)
  A small abomination (Abyss:2)
  A swamp worm (Swamp:1)
  14 knights
  A quasit (Abyss:2)
  An orc wizard (Orc:2)
  5 ancestors
  10 foxfires
40 creatures vanquished.

Grand Total: 967 creatures vanquished

Notes
Turn   | Place    | Note
-------+----------+-------------------------------------------
     0 | D:1      | Newt the Merfolk Gladiator began the quest for the Orb.
     0 | D:1      | Reached XP level 1. HP: 16/16 MP: 1/1
   154 | D:1      | Reached XP level 2. HP: 23/23 MP: 2/2
   158 | D:1      | Found Beplesie's Book Emporium.
   593 | D:1      | Reached XP level 3. HP: 30/30 MP: 3/3
   664 | D:1      | Found a faded altar of an unknown god.
  1133 | D:2      | Reached XP level 4. HP: 37/37 MP: 4/4
  1275 | D:2      | Reached skill level 5 in Polearms
  1878 | D:3      | Reached skill level 6 in Polearms
  2052 | D:3      | Reached XP level 5. HP: 42/42 MP: 5/5
  2481 | D:4      | Noticed Edmund
  2512 | D:4      | HP: 1/42 [Edmund/+3 dire flail of protection (13)]
  2524 | D:4      | Killed Edmund
  2525 | D:4      | Reached skill level 8 in Polearms
  2525 | D:4      | Reached XP level 6. HP: 6/48 MP: 6/6
  3084 | D:5      | Entered Level 5 of the Dungeon
  3131 | D:5      | Noticed a black bear
  3162 | D:5      | Killed a black bear
  3163 | D:5      | Reached skill level 9 in Polearms
  3163 | D:5      | Reached XP level 7. HP: 27/54 MP: 7/7
  3500 | D:5      | Reached skill level 10 in Polearms
  3515 | D:5      | Reached skill level 5 in Dodging
  3881 | D:5      | Reached XP level 8. HP: 16/61 MP: 8/8
  4209 | D:5      | Reached skill level 1 in Shapeshifting
  4297 | D:5      | Found a hide-covered altar of Uskayaw.
  4788 | D:6      | Reached skill level 5 in Shapeshifting
  5536 | D:6      | Reached XP level 9. HP: 58/66 MP: 9/9
  5855 | D:7      | Found a staircase to the Ecumenical Temple.
  5861 | Temple   | Entered the Ecumenical Temple
  5874 | Temple   | Became a worshipper of Hepliaklqana the Forgotten
  5953 | D:7      | Found a sand-covered staircase.
  5958 | Ossuary  | Entered an ossuary
  6285 | D:7      | Found a flagged portal.
  6293 | Bailey   | Entered a bailey
  6358 | Bailey   | Reached skill level 11 in Polearms
  6525 | Bailey   | Noticed an orc knight
  6550 | Bailey   | Killed an orc knight
  6551 | Bailey   | Reached skill level 12 in Polearms
  6672 | Bailey   | Noticed an orc knight
  6688 | Bailey   | Reached XP level 10. HP: 73/73 MP: 10/10
  6715 | Bailey   | Killed an orc knight
  6716 | Bailey   | Reached skill level 13 in Polearms
  6732 | Bailey   | Noticed an orc knight
  6742 | Bailey   | Reached skill level 14 in Polearms
  6762 | Bailey   | Killed an orc knight
  7175 | Bailey   | Found an iron altar of Okawaru.
  7175 | Bailey   | Noticed a kobold demonologist
  7175 | Bailey   | Noticed an orc high priest
  7190 | Bailey   | Killed an orc high priest
  7191 | Bailey   | Reached skill level 5 in Shields
  7197 | Bailey   | Killed a kobold demonologist
  7400 | Bailey   | Identified the +1 robe of Ennui {Drain rElec Str+8 Int-3}
  7527 | D:7      | Noticed Menkaure
  7536 | D:7      | Killed Menkaure
  7842 | D:7      | Reached XP level 11. HP: 62/78 MP: 11/11
  8489 | D:8      | Reached * piety under Hepliaklqana
  8846 | D:8      | Found a sparkling altar of Nemelex Xobeh.
  9015 | D:8      | Acquired the amulet of the Ant {Spirit rElec rN+ Regen+}
  9119 | D:8      | Noticed a white ugly thing
  9119 | D:8      | Noticed a tengu warrior
  9136 | D:8      | Killed a tengu warrior
  9141 | D:8      | Killed a white ugly thing
  9198 | D:8      | You fall into a shaft and drop 1 floor!
  9316 | D:8      | Reached skill level 10 in Shapeshifting
  9427 | D:8      | Found Nun Syuj's Weapon Boutique.
  9606 | D:8      | Reached skill level 5 in Fighting
  9646 | D:8      | Noticed a two-headed ogre
  9649 | D:8      | Killed a two-headed ogre
  9707 | D:8      | Noticed a catoblepas
  9735 | D:8      | Killed a catoblepas
  9792 | D:8      | Identified the +11 great sword of Green Absolution {freeze,
                  | Will+}
  9792 | D:8      | Noticed a deep elf pyromancer
  9841 | D:8      | Killed a deep elf pyromancer
 10082 | D:9      | Noticed Amaemon
 10103 | D:9      | Killed Amaemon
 10104 | D:9      | Reached XP level 12. HP: 68/85 MP: 8/12
 10443 | D:9      | Noticed a two-headed ogre
 10449 | D:9      | Killed a two-headed ogre
 10450 | D:9      | Reached skill level 10 in Dodging
 10570 | D:10     | Entered Level 10 of the Dungeon
 10574 | D:10     | Reached ** piety under Hepliaklqana
 10575 | D:10     | Remembered your ancestor Sofian as a knight
 10913 | D:10     | Found a glowing golden altar of the Shining One.
 10917 | D:10     | Found a shimmering blue altar of Sif Muna.
 10938 | D:10     | Found a radiant altar of Vehumet.
 10962 | D:10     | Found Vifriesm's Antique Armour Boutique.
 10995 | D:10     | Found an ornate altar of the Wu Jian Council.
 11113 | D:10     | Found a staircase to the Lair.
 11416 | D:11     | Reached skill level 1 in Evocations
 11557 | D:11     | Reached *** piety under Hepliaklqana
 11572 | D:11     | Found a broken altar of Ashenzari.
 11574 | D:11     | Noticed a two-headed ogre
 11587 | D:11     | Killed a two-headed ogre
 11604 | D:11     | Identified the ring "Tean" {rPois rC+ Dex+2}
 11687 | D:11     | Reached skill level 5 in Evocations
 11871 | D:12     | Found Ufoig's Elemental Accessories.
 12337 | D:12     | Found a staircase to the Orcish Mines.
 12417 | D:13     | Found Xephorche's Jewellery Shop.
 12426 | D:13     | Reached XP level 13. HP: 90/90 MP: 13/13
 12485 | D:13     | Noticed a vault guard
 12496 | D:13     | Killed a vault guard
 12504 | D:13     | Found a gate to the Vaults.
 12582 | D:13     | Found a frozen archway.
 12582 | D:13     | Noticed Urug
 12607 | D:13     | Killed Urug
 12613 | IceCv    | Entered an ice cave
 12832 | IceCv    | Reached skill level 10 in Fighting
 13003 | IceCv    | Noticed a white draconian
 13027 | IceCv    | Killed a white draconian
 13108 | IceCv    | Identified the amulet "Akou" {Faith rCorr Str-4 SInv}
 13281 | D:13     | Gained mutation: Your muscles are strong. (Str +4, Int/Dex
                  | -1) [potion of mutation]
 13281 | D:13     | Gained mutation: Your flesh is heat resistant. (rF+)
                  | [potion of mutation]
 13459 | D:13     | Found a snail-covered altar of Cheibriados.
 13507 | D:13     | Reached **** piety under Hepliaklqana
 14088 | D:14     | Noticed Agnes
 14100 | D:14     | Killed Agnes
 14101 | D:14     | Reached skill level 15 in Polearms
 14549 | D:14     | Reached XP level 14. HP: 13/103 MP: 3/14
 14661 | D:14     | Noticed an apis
 14665 | D:14     | Noticed an apis
 14670 | D:14     | Found a glowing golden altar of the Shining One.
 14670 | D:14     | Noticed an apis
 14697 | D:14     | Killed an apis
 14698 | D:14     | Reached skill level 16 in Polearms
 14710 | D:14     | Killed an apis
 14723 | D:14     | Killed an apis
 15103 | Lair:1   | Entered Level 1 of the Lair of Beasts
 15197 | Lair:1   | Reached skill level 17 in Polearms
 15854 | Lair:2   | Reached ***** piety under Hepliaklqana
 16054 | Lair:2   | Noticed Fannar
 16056 | Lair:2   | Reached skill level 18 in Polearms
 16075 | Lair:2   | Killed Fannar
 16176 | Lair:2   | Identified the +7 falchion of the Hairy God {heavy, rElec
                  | rPois Dex-5}
 16212 | Lair:2   | Found a hole to the Spider Nest.
 16300 | Lair:2   | Reached skill level 19 in Polearms
 16300 | Lair:2   | Reached skill level 1 in Invocations
 16305 | Lair:2   | Found a staircase to the Swamp.
 16688 | D:10     | Bought a smouldering ring mail for 342 gold pieces
 16688 | D:10     | Identified the +1 ring mail of Dianoet {rN+ Str+2} (You
                  | bought it in a shop on level 10 of the Dungeon)
 16872 | Lair:3   | Reached skill level 5 in Invocations
 18043 | Lair:4   | Reached XP level 15. HP: 108/108 MP: 20/20
 18510 | Lair:5   | Entered Level 5 of the Lair of Beasts
 18743 | Lair:5   | Reached skill level 10 in Shields
 18796 | Lair:5   | Identified the +5 trident of Greatest Utility {heavy, rF+
                  | rN+ Dex-5 SInv}
 18921 | Lair:5   | Reached skill level 1 in Stealth
 19069 | Lair:5   | Reached skill level 5 in Stealth
 19109 | Lair:5   | Found a shimmering altar of Xom.
 19147 | Lair:5   | Reached skill level 1 in Spellcasting
 19322 | Lair:5   | Found a staircase to the Slime Pits.
 19323 | Lair:5   | Found a viscous altar of Jiyva.
 19375 | Lair:5   | Reached skill level 5 in Spellcasting
 20163 | Orc:1    | Entered Level 1 of the Orcish Mines
 20163 | Orc:1    | Noticed Nergalle
 20184 | Orc:1    | Killed Nergalle
 20197 | Orc:1    | Noticed Harold
 20209 | Orc:1    | Killed Harold
 20474 | Orc:2    | Entered Level 2 of the Orcish Mines
 20508 | Orc:2    | Found a staircase to the Elven Halls.
 20528 | Orc:2    | Reached ****** piety under Hepliaklqana
 20580 | Orc:2    | Reached XP level 16. HP: 105/114 MP: 21/26
 20592 | Orc:2    | Found Jyohirus's Antique Weapon Emporium.
 20592 | Orc:2    | Found Oqyerymn's Magic Scroll Shop.
 20592 | Orc:2    | Found Nysociru's Jewellery Boutique.
 20641 | Orc:2    | Found Pupoklidgh's Distillery.
 20649 | Orc:2    | Bought a scroll of brand weapon for 123 gold pieces
 20649 | Orc:2    | Bought a scroll of enchant armour for 97 gold pieces
 20651 | Orc:2    | Bought the ring "Baggacuh" {rElec rPois MP+9 Dex-4 SInv}
                  | for 442 gold pieces
 21094 | Orc:2    | Found Jarauren's Jewellery Boutique.
 21533 | Swamp:1  | Entered Level 1 of the Swamp
 21593 | Swamp:1  | Noticed Josephine
 21614 | Swamp:1  | Killed Josephine
 21886 | Swamp:1  | Noticed Roxanne
 21924 | Swamp:1  | Killed Roxanne
 22066 | Swamp:1  | Reached skill level 10 in Spellcasting
 22139 | Swamp:1  | Found a sacrificial altar of Ru.
 23458 | Swamp:3  | Reached skill level 15 in Dodging
 23543 | Swamp:3  | Noticed a thorn hunter
 23557 | Swamp:3  | Killed a thorn hunter
 23879 | Swamp:4  | Entered Level 4 of the Swamp
 24237 | Swamp:4  | Reached skill level 1 in Summonings
 24333 | Swamp:3  | Reached XP level 17. HP: 101/119 MP: 31/31
 24891 | Swamp:4  | Reached skill level 5 in Summonings
 24955 | Swamp:4  | Learned a level 3 spell: Call Canine Familiar
 25468 | Swamp:4  | Noticed Aizul
 25493 | Swamp:4  | Killed Aizul
 25963 | Swamp:4  | Got a decaying rune of Zot
 26118 | Spider:1 | Entered Level 1 of the Spider Nest
 26936 | Spider:2 | Reached skill level 10 in Summonings
 27464 | Spider:2 | Identified the +6 tower shield of the Tundras {rN+ Will++}
 27464 | Spider:2 | Noticed Louise
 27476 | Abyss:2  | Cast into level 2 of the Abyss (Louise)
 27506 | Abyss:2  | Found a corrupted altar of Lugonu.
 27513 | Abyss:2  | Found a corrupted altar of Lugonu.
 27633 | Abyss:2  | Found a corrupted altar of Lugonu.
 27661 | Abyss:2  | Found a corrupted altar of Lugonu.
 27798 | Abyss:2  | HP: 3/139 [wretched star/lance of force (18)]
 27798 | Abyss:2  | Collided with a stone wall

Illustrated notes

Levels and vault maps discovered:
D:1:      lightli_iron_boxes, layout_loops_ring, serial_shops,
          nicolae_book_shop_shelving, shapermc_ecumenical_altar_hornbeckon
D:2:      layout_loops_ring
D:3:      layout_loops_ring
D:4:      layout_basic, uniq_edmund
D:5:      layout_cave_pools, mainiacjoe_overflow_alcove_2
D:6:      layout_cave_pools
D:7:      layout_loops_ring, minmay_temple_entry_hall,
          nicolae_ossuary_entry_plus, enter_bailey_2, uniq_menkaure
D:8:      minmay_the_grid_triangle_9x9_rhombus_full
          [minmay_the_grid_triangle_9x9_thin_v,
          minmay_the_grid_triangle_9x9_semitri,
          minmay_the_grid_triangle_9x9_zippers_horizontal,
          minmay_the_grid_triangle_9x9_warning,
          minmay_the_grid_triangle_9x9_zippers_vertical,
          minmay_the_grid_triangle_9x9_empty,
          minmay_the_grid_triangle_9x9_alien,
          minmay_the_grid_triangle_9x9_prize_center], layout_basic,
          nemelex_altar_shiori, serial_shops, nicolae_shop_pleasant_corner_grove
D:9:      layout_roguey, uniq_amaemon
D:10:     layout_basic, nicolae_wu_jian_immortal_techniques,
          mainiacjoe_overflow_alcove_4, nicolae_overflow_hidden_temple,
          minmay_lair_entry_grove, serial_shops, shop, chequers_arboretum,
          corexii_corridor_pit
D:11:     layout_rooms, cheibrodos_ashenzari_chains
D:12:     layout_basic, hiddenorc1_lemuel, nicolae_elemental_shop, drop_trap
D:13:     layout_cave_pools, david_vaults_5, portal_ice_cave_entry_pillars_2,
          nicolae_stop_n_shop_1, slow_altar_2, uniq_urug
D:14:     dreamdust_under_siege, layout_irregular_city, minmay_crystal_water,
          uniq_agnes
Temple:   nicolae_temple_bog_church
Lair:1:   layout_cave_pods, beast_lair_carwin_11
Lair:2:   hellmonk_ruined_rings, layout_big_grid, minmay_swamp_entry_eels,
          nicolae_spider_entry_orb_guardian, uniq_fannar
Lair:3:   layout_cave_pods, infiniplex_staircase_pool, grunt_megastairs_2
Lair:4:   layout_hall_layers, infiniplex_staircase_pool_2, grunt_megastairs_5
Lair:5:   guppyfry_lair_end_dragon, layout_long_grid,
          hangedman_lair_tendril_chambers, slime_entry_1, basic_altar,
          serial_bayou_shore_b
Swamp:1:  layout_falls_marsh, lemuel_altar_in_water, swamp_pool1,
          nicolae_swamp_hydra_murder_den, uniq_roxanne, uniq_josephine
Swamp:2:  layout_falls_marsh, evilmike_swamp_ruin_rubble_2
Swamp:3:  layout_basic_swamp, evilmike_swamp_ruin_house_2, swamp_pool2
Swamp:4:  swamp, layout_basic_swamp, swamp_pool5, uniq_aizul
Spider:1: layout_spider_delve
Spider:2: layout_spider_delve, uniq_louise
Orc:1:    layout_caves, basic_altar, mines2_lemuel, uniq_harold, uniq_nergalle
Orc:2:    st_orc_rangers, layout_caves, serial_shops,
          nicolae_shop_real_fake_doors, elf_legates
Abyss:2:  base: D:4, hangedman_abyss_sting, hangedman_abyss_monster_moat

Skill      XL: |  1  2  3  4  5  6  7  8  9 10 11 12 13 14 15 16 17 |
---------------+----------------------------------------------------+-----
Fighting       | 3 4 9 12 | 12.0
Polearms       | 6 8 9 10 12 14 15 19 | 19.0
Dodging        | 7 8 12 16 | 16.0
Shapeshifting  | 7 9 10 | 10.0
Shields        | 7 9 10 | 10.3
Evocations     | 7 9 |  9.0
Invocations    | 7 9 |  9.0
Stealth        | 5 |  5.3
Spellcasting   | 7 10 | 10.0
Summonings     | 2 10 | 10.8
Throwing       | |  2.0

Action                     |  1- 3 |  4- 6 |  7- 9 | 10-12 | 13-15 | 16-18 || total
---------------------------+-------+-------+-------+-------+-------+-------++-------
  Melee: Trident           |   129 |   175 |   173 |       |       |       ||   477
         Punch             |     3 |       |     6 |     3 |       |       ||    12
         Spear             |       |       |   191 |   790 |  1230 |   956 ||  3167
         Tailslap          |       |       |     2 |     4 |    16 |    37 ||    59
         Unarmed           |       |       |       |     5 |       |       ||     5
  Throw: Throwing net      |       |     3 |       |       |     2 |     3 ||     8
         Javelin           |       |       |     1 |       |       |       ||     1
   Cast: Call Canine Famil |       |       |       |       |       |    10 ||    10
 Invoke: Recall Ancestor   |       |       |       |     1 |     4 |    15 ||    20
         Ancestor Life: Kn |       |       |       |     1 |       |       ||     1
         Idealise          |       |       |       |       |     1 |       ||     1
  Evoke: Wand              |       |     3 |     3 |     7 |     5 |     1 ||    19
         Condenser vane    |       |       |       |     1 |     2 |     1 ||     4
         Phantom mirror    |       |       |       |       |       |     1 ||     1
    Use: Scroll            |     3 |    10 |     7 |     9 |    10 |     5 ||    44
         Potion            |       |     1 |     1 |     1 |     1 |     7 ||    11
   Stab: Sleeping          |     4 |     6 |     3 |     1 |       |     4 ||    18
         Held in net/web   |       |     1 |       |       |       |     1 ||     2
         Invisible         |       |       |     4 |     3 |     2 |     1 ||    10
         Petrifying        |       |       |       |     1 |     1 |       ||     2
         Confused          |       |       |       |     1 |       |       ||     1
         Distracted        |       |       |       |     1 |    10 |     7 ||    18
         Petrified         |       |       |       |       |     2 |       ||     2
 Armour: Leather armour    |    52 |    81 |    79 |     1 |       |       ||   213
         Troll leather arm |       |       |       |    20 |     2 |       ||    22
         Robe              |       |       |       |     2 |       |       ||     2
         Scale mail        |       |       |       |       |    66 |       ||    66
         Ring mail         |       |       |       |       |       |    68 ||    68
  Dodge: Dodged            |    97 |   103 |   174 |   159 |   350 |   379 ||  1262
  Block: Tower shield      |       |       |       |   250 |   579 |   601 ||  1430
   Form: Beast             |       |       |     1 |       |       |       ||     1

Table legend: (Time is in decaauts)
 A = Elapsed time spent in this place.
 B = Non-inter-level travel time spent in this place.
 C = Inter-level travel time spent in this place.
 D = Time resting spent in this place.
 E = Time spent auto-exploring this place.
 F = Levels seen in this place.
 G = Mean time per level.
                   A        B        C        D        E       F      G
               +--------+--------+--------+--------+--------+-----+--------+
         Total |  26253 |  24753 |   1500 |   5042 |  14483 |  32 |  820.4 |
       Dungeon |  12911 |  12035 |    876 |   2494 |   7233 |  14 |  922.2 |
        Temple |     25 |      2 |     23 |      0 |      0 |   1 |   25.0 |
          Lair |   4782 |   4426 |    356 |    196 |   3209 |   5 |  956.4 |
         Swamp |   3941 |   3816 |    125 |   1385 |   1664 |   4 |  985.2 |
   Spider Nest |   1298 |   1258 |     40 |    171 |    766 |   2 |  649.0 |
  Orcish Mines |   1164 |   1087 |     77 |     74 |    776 |   2 |  582.0 |
         Abyss |    280 |    280 |      0 |    100 |     17 |   1 |  280.0 |
       Ossuary |    225 |    225 |      0 |      0 |    159 |   1 |  225.0 |
        Bailey |   1050 |   1050 |      0 |    379 |    486 |   1 | 1050.0 |
      Ice Cave |    573 |    573 |      0 |    242 |    170 |   1 |  573.0 |
               +--------+--------+--------+--------+--------+-----+--------+

Top non-repeatable levels by time:
     D:8: 1642 daAuts
     D:5: 1598 daAuts
  Lair:5: 1376 daAuts
 Swamp:3: 1341 daAuts
    D:14: 1216 daAuts
     D:6: 1097 daAuts
 Swamp:4: 1060 daAuts
  Bailey: 1050 daAuts
 Swamp:2: 1002 daAuts
    D:10: 955 daAuts
     D:7: 945 daAuts
  Lair:2: 912 daAuts
     D:4: 890 daAuts
  Lair:3: 864 daAuts
  Lair:1: 863 daAuts
